 Dungeon Crawl Stone Soup version 0.31.0-32-g396128a36d (webtiles) character file.

Game seed: 2430202980513604989

263 Ahpoh the Ruffian (level 5, -1/41 HPs)
             Began as a Draconian Shapeshifter on Apr 22, 2024.
             Succumbed to a scorpion's poison
             ... on level 4 of the Dungeon.
             The game lasted 00:05:52 (3329 turns).

Ahpoh the Ruffian (Draconian Shapeshifter)          Turns: 3329, Time: 00:05:52

Health: -1/41      AC:  5    Str: 19    XL:     5   Next: 98%
Magic:  5/5        EV: 12    Int: 10    God:
Gold:   191        SH:  0    Dex: 10    Spells: 4/4 levels left

rFire   . .          .
                       - Unarmed
rCold   . . .        (no shield)
rNeg    . . .        (body armour unavailable)
rPois   .            (helmet currently unavailable)
rElec   .            (cloak currently unavailable)
rCorr   .            (gloves currently unavailable)
SInv    .            (boots currently unavailable)
Will    .....        (no amulet)
Stlth   +            (no ring)
HPRegen 0.26/turn    (no ring)
MPRegen 0.09/turn

%: no passive effects
@: lethally poisoned (-1 -> -14), beast-form, invisible
A: beast (slay +2), AC +5, unfitting armour, cold-blooded
a: Begin Untransformation


You were on level 4 of the Dungeon.
You were a hulking beast.
You visited 1 branch of the dungeon, and saw 4 of its levels.

You collected 191 gold pieces.

Inventory:

Missiles
 g - 20 poisoned darts (quivered)
Talismans
 b - a beast talisman
 c - a flux talisman
Scrolls
 d - 2 scrolls of immolation
 f - a scroll of enchant armour
 h - 2 scrolls of identify
 i - a scroll of poison
Potions
 e - 3 potions of haste


   Skills:
 * Level 2.1 Fighting
 * Level 3.1 Dodging
 * Level 5.0 Unarmed Combat
 * Level 3.9 Shapeshifting


You had 4 spell levels left.
You didn't know any spells.
Your spell library contained the following spells:

 Spells                   Type           Power      Damage    Failure   Level
 Tukima's Dance           Hex            0%         N/A       75%         3
 Passage of Golubria      Tloc           0%         N/A       98%         4
 Yara's Violent Unravell  Hex/Alch       0%         3d3       100%        5


Dungeon Overview and Level Annotations

Branches:
Dungeon (4/15)
 Temple: D:4-7

Altars:
Trog
Xom

Shops:
D:2 [


Innate Abilities, Weirdness & Mutations

You are a hulking beast.
Your limbs bulge with bestial killing power. (Slay +2)
Your plain brown scales are hard. (AC +5)
You cannot fit into any form of body armour.
You are cold-blooded and may be slowed by cold attacks.


Message History

The scorpion poisons you!
You barely miss the scorpion. You tail-slap the scorpion.
The scorpion is heavily wounded.
You feel very sick. The scorpion closely misses you.
You hit the scorpion.
Your tail-slap misses the scorpion.
You punch the scorpion, but do no damage.
The scorpion is heavily wounded.
You feel very sick. The scorpion stings you.
You are more poisoned.
The scorpion poisons you!
You closely miss the scorpion.
Your tail-slap misses the scorpion.
The scorpion is heavily wounded.
You feel very sick. The scorpion closely misses you.
You hit the scorpion.
The scorpion is almost dead.
You feel very sick. The scorpion stings you.
You are lethally poisoned!
The scorpion poisons you!
You hit the scorpion.
The scorpion is almost dead.
* * * LOW HITPOINT WARNING * * *
You feel very sick. The scorpion closely misses you.
You hit the scorpion but do no damage.
The scorpion is almost dead.
* * * LOW HITPOINT WARNING * * *
You feel very sick. The scorpion closely misses you. x2
It was a potion of invisibility.
You fade into invisibility!
* * * LOW HITPOINT WARNING * * *
You feel very sick. The scorpion barely misses you.
As you read the scroll of identify, it crumbles to dust.
i - a scroll of poison You die...

.......................# #..#..
(..###########.#.#####.#####..#..
##>.................)............
....#..#....################..#..
............##...## ##.#..
###+######..#.....### #.#.. .#
#..#....... #.#.. ##.# #..#....s#
#.#.# ##..# #..##..h# #...# #...#
#.####.## ##... ....#+ #...##)#
##.# .....## #.#..'.# #..#
......####.####.# #.##
.........'.# #.# #..#
......####.# ... ###.# .....##
#.# ..... #..>. ....#+ #.##......
#####


You could see a scorpion (unable to see you).

Vanquished Creatures
  An ogre (D:4)
  A phantom (D:3)
  A bombardier beetle (D:3)
  An adder (D:3)
  2 ribbon worms (D:4)
  A dart slug (D:1)
  2 orcs
  5 endoplasms
  5 giant cockroaches
  9 goblins
  3 hobgoblins
  4 jackals (D:1)
  3 quokkas
  4 ball pythons
  5 bats
  3 frilled lizards
  4 kobolds
  7 rats
61 creatures vanquished.

Notes
Turn   | Place    | Note
-------+----------+-------------------------------------------
     0 | D:1      | Ahpoh the Draconian Shapeshifter began the quest for the
                  | Orb.
     0 | D:1      | Reached XP level 1. HP: 16/16 MP: 1/1
   371 | D:1      | Reached XP level 2. HP: 23/23 MP: 2/2
   561 | D:1      | Found a faded altar of an unknown god.
  1289 | D:2      | Reached XP level 3. HP: 27/28 MP: 3/3
  1319 | D:2      | Found Quyrirr's Armour Emporium.
  1834 | D:3      | Noticed a phantom
  1846 | D:3      | Killed a phantom
  1847 | D:3      | Reached skill level 4 in Unarmed Combat
  1847 | D:3      | Reached XP level 4. HP: 10/36 MP: 4/4
  1991 | D:3      | Reached XP level 5. HP: 38/41 MP: 5/5
  2751 | D:4      | Found a bloodstained altar of Trog.
  2752 | D:4      | Found a shimmering altar of Xom.
  3155 | D:4      | Noticed an ogre
  3199 | D:4      | Killed an ogre
  3200 | D:4      | Reached skill level 5 in Unarmed Combat
  3328 | D:4      | HP: 2/41 [poisoned by a scorpion]
  3329 | D:4      | Succumbed to a scorpion's poison

Illustrated notes

Levels and vault maps discovered:
D:1:      tarquinn_simple_flora_water_b, layout_basic, serial_corexii_hall,
          corexii_hall_statues_i, chequers_hall_statues_corner_a,
          hellmonk_ecumenical_altar_blasted
D:2:      layout_rooms, serial_shops, shop, amethyst_killhole
D:3:      layout_loops_ring, kennysheep_crisscross
D:4:      minmay_octagon_keep, layout_basic, mainiacjoe_overflow_catwalk_spiral,
          minmay_pentangle

Skill      XL: |  1  2  3  4  5 |
---------------+----------------+-----
Dodging        | 2 3 |  3.1
Unarmed Combat | 4 5 |  5.0
Fighting       | 2 |  2.1
Shapeshifting  | |  3.9

Action                     |  1- 3 |  4- 6 || total
---------------------------+-------+-------++-------
  Melee: Unarmed           |    95 |    74 ||   169
         Tailslap          |     8 |     7 ||    15
         Punch             |     2 |     2 ||     4
  Throw: Dart              |       |     5 ||     5
    Use: Scroll            |     6 |     2 ||     8
         Potion            |       |     3 ||     3
 Armour: Skin              |    77 |    40 ||   117
  Dodge: Dodged            |    68 |    52 ||   120
